 Dungeon Crawl Stone Soup version 0.20-a0-449-g96be121 (webtiles) character file.

1406 AlphabetPasta the Caller (level 9, -1/48 HPs)
             Began as a Kobold Summoner on Jan 7, 2017.
             Was an Initiate of Ashenzari.
             Slain by Erica
             ... wielding a +2 scimitar of flaming
              (10 damage)
             ... on level 8 of the Dungeon.
             The game lasted 00:34:58 (7356 turns).

AlphabetPasta the Caller (Kobold Summoner)          Turns: 7356, Time: 00:34:59

Health: -1/48      AC:  6    Str:  5    XL:     9   Next: 1%
Magic:  5/16       EV: 15    Int: 19    God:    Ashenzari [......]
Gold:   359        SH:  0    Dex: 16    Spells: 4/18 levels left

rFire  . . .     SeeInvis .     a - +3 dagger (venom)
rCold  . . .     Gourm    .     h - +0 robe
rNeg   . . .     Faith    .     (shield restricted)
rPois  .         Spirit   .     (no helmet)
rElec  .         Reflect  .     u - +0 cloak
rCorr  .         Harm     .     i - +2 pair of gloves
MR     +....                    (no boots)
Stlth  ++........               (no amulet)
                                (no ring)
                                x - ring of protection from magic

@: very slightly contaminated
A: carnivore 3
a: Curse Item, Renounce Religion


You were on level 8 of the Dungeon.
You worshipped Ashenzari.
Ashenzari was noncommittal.
You were very full.

You visited 2 branches of the dungeon, and saw 8 of its levels.

You collected 359 gold pieces.

Inventory:

Hand Weapons
 a - a +3 dagger of venom (weapon)
 d - a +0 dagger
Armour
 h - a +0 robe (worn)
 i - a +2 pair of gloves (worn)
 m - a +2 ring mail of fire resistance
 u - a +0 cloak (worn)
Jewellery
 x - a ring of protection from magic (left hand)
Wands
 k - a wand of disintegration (0/24)
Scrolls
 e - 7 scrolls of remove curse
 w - 3 scrolls of enchant armour
Potions
 g - a potion of curing
 n - 3 potions of flight
 o - a potion of cure mutation
 p - a potion of might
 s - 2 potions of cancellation
 t - a potion of brilliance
 z - a potion of magic
Books
 b - a book of Callings

   Spells                             Type                      Level
   a - Summon Small Mammal            Summoning                    1
   b - Call Imp                       Summoning                    2
   c - Call Canine Familiar           Summoning                    3
   d - Summon Guardian Golem          Hexes/Summoning              3
   e - Summon Lightning Spire         Summoning/Air                4
   f - Summon Ice Beast               Ice/Summoning                4
 q - a book of Frost

   Spells                             Type                      Level
   a - Freeze                         Ice                          1
   b - Throw Frost                    Conjuration/Ice              2
   c - Ozocubu's Armour               Charms/Ice                   3
   d - Throw Icicle                   Conjuration/Ice              4
   e - Summon Ice Beast               Ice/Summoning                4
Comestibles
 c - 6 meat rations
 j - a slice of pizza
 l - 2 beef jerkies
 r - a chunk of flesh
 v - a royal jelly


   Skills:
 - Level 2.0 Fighting
 - Level 3.3 Short Blades
 + Level 1.7 Armour
 - Level 2.4 Dodging
 - Level 2.6 Stealth
 + Level 5.1 Spellcasting
 * Level 7.8 Summonings
 + Level 4.0 Ice Magic
 - Level 2.1 Evocations


You had 4 spell levels left.
You knew the following spells:

 Your Spells              Type           Power        Failure   Level  Hunger
a - Summon Small Mammal   Summ           ####         1%          1    None
b - Call Imp              Summ           ####....     1%          2    #......
c - Call Canine Familiar  Summ           ####....     1%          3    ##.....
d - Summon Ice Beast      Ice/Summ       ####....     12%         4    ####...
e - Freeze                Ice            ###.         2%          1    None
f - Ozocubu's Armour      Chrm/Ice       ##......     17%         3    ##.....


Dungeon Overview and Level Annotations

Branches:
Dungeon (6/15)             Temple (1/1) D:6

Altars:
Ashenzari
Dithmenos
Elyvilon
Fedhas
Gozag
Hepliaklqana
Kikubaaqudgha
Makhleb
Nemelex Xobeh
Okawaru
Qazlal
Sif Muna
Trog
Uskayaw
Xom
Yredelemnul
Zin
The Shining One

Annotations:
D:4 wearedevo's ghost, amateur BaFi
D:8 Erica


Innate Abilities, Weirdness & Mutations

You are small and have problems with some larger weapons.
You are carnivorous and can eat meat at any time.


Message History

Your Spellcasting skill increases to level 5!
Your Ice Magic skill increases to level 4!
You have reached level 9!
Your experience leads to an increase in your attributes!
Increase (S)trength, (I)ntelligence, or (D)exterity?
You feel clever.
You feel a bit more experienced.
Your hound bites the hog but does no damage.
The hog closely misses you.
Your hound bites the hog but does no damage.
Okay, then.
Your hound bites the hog.
Found a stone staircase leading up.
Erica the Fiery-Tempered comes into view.
Ashenzari warns you: She is wielding a scimitar of flaming and wearing a robe of fire resistance.
Your hound closely misses the hog.
Erica shouts!
Found 20 arrows.
Erica hits you with a scimitar of flaming!
You die...

..# ..# .
#.# #( #.#
##. #.#
#...###<#
#.....#
####### #@@#
#..#%%# ##h#
#..#.%####h#
#..'..#....#
#.h#.p#p####
#..#hh#.#
#####'#h#
#...h#
##...#


You could see Erica, a hog and a friendly hound.

Vanquished Creatures
  The ghost of AlphabetPasta the Caller, an amateur CeSu of Nemelex Xobeh (D:5)
  A hog (D:8)
  An ice beast (D:5)
  A sky beast (D:6)
  A phantom (D:5)
  An ogre (D:4)
  A bullfrog (D:6)
  A scorpion (D:5)
  A howler monkey (D:5)
  A crimson imp (D:5)
  2 orc priests
  3 orc wizards
  2 iguanas
  Ijyb (D:2)
  4 worker ants
  A gnoll (D:4)
  4 adders
  A shadow imp (D:6)
  2 worms
  A dart slug (D:1)
  3 leopard geckos
  6 orcs
  7 giant cockroaches
  7 goblins
  4 hobgoblins
  12 jackals
  8 kobolds
  3 quokkas
  6 bats
  7 frilled lizards
  A goblin skeleton (D:6)
  2 goblin zombies (D:6)
  4 hobgoblin zombies (D:6)
  A jackal skeleton (D:6)
  A jackal zombie (D:6)
  A leopard gecko skeleton (D:4)
  10 rats
114 creatures vanquished.

Vanquished Creatures (collateral kills)
  An ogre (D:5)
  2 centaur zombies
  A hound (D:5)
  2 gnolls (D:4)
  An adder (D:3)
  An adder skeleton (D:4)
  2 worms (D:2)
  A leopard gecko (D:2)
  A goblin (D:1)
  3 jackals (D:2)
  2 frilled lizards
  3 kobolds
  2 rats
22 creatures vanquished.

Grand Total: 136 creatures vanquished

Notes
Turn   | Place    | Note
-------+----------+-------------------------------------------
     0 | D:1      | AlphabetPasta the Kobold Summoner began the quest for the Orb.
     0 | D:1      | Reached XP level 1. HP: 10/10 MP: 3/3
   508 | D:1      | Reached skill level 1 in Short Blades
   508 | D:1      | Reached XP level 2. HP: 13/15 MP: 5/5
   534 | D:1      | Learned a level 2 spell: Call Imp
  1023 | D:1      | Reached XP level 3. HP: 18/19 MP: 6/6
  1502 | D:1      | Learned a level 3 spell: Call Canine Familiar
  2288 | D:2      | Noticed Ijyb
  2319 | D:2      | Killed Ijyb
  2319 | D:2      | Reached skill level 1 in Fighting
  2319 | D:2      | Reached XP level 4. HP: 16/25 MP: 1/8
  2788 | D:2      | Reached skill level 5 in Summonings
  3304 | D:3      | Reached XP level 5. HP: 24/29 MP: 9/9
  3844 | D:3      | Found an iron altar of Okawaru.
  3877 | D:3      | Learned a level 4 spell: Summon Ice Beast
  4198 | D:4      | Noticed wearedevo's ghost (amateur BaFi)
  4478 | D:4      | Reached XP level 6. HP: 35/35 MP: 11/11
  4485 | D:4      | Reached skill level 1 in Ice Magic
  4557 | D:4      | Found a basalt altar of Yredelemnul.
  4561 | D:4      | Found a stormy altar of Qazlal.
  4564 | D:4      | Found a sparkling altar of Nemelex Xobeh.
  5082 | D:4      | Noticed an ogre
  5095 | D:4      | Killed an ogre
  5546 | D:4      | Reached XP level 7. HP: 40/40 MP: 8/12
  5553 | D:4      | Reached skill level 6 in Summonings
  5635 | D:5      | Entered Level 5 of the Dungeon
  5654 | D:5      | Learned a level 1 spell: Freeze
  5656 | D:5      | Noticed AlphabetPasta's ghost (amateur CeSu)
  5678 | D:5      | Killed AlphabetPasta's ghost
  5678 | D:5      | Reached skill level 1 in Evocations
  5972 | D:5      | Learned a level 1 spell: Freeze
  6006 | D:5      | Reached XP level 8. HP: 32/44 MP: 11/14
  6452 | D:5      | Reached skill level 7 in Summonings
  6769 | D:6      | Found a glowing golden altar of the Shining One.
  6902 | D:6      | Reached skill level 1 in Armour
  6934 | D:6      | Learned a level 3 spell: Ozocubu's Armour
  7110 | D:6      | Found a staircase to the Ecumenical Temple.
  7131 | Temple   | Entered the Ecumenical Temple
  7170 | Temple   | Became a worshipper of Ashenzari the Shackled
  7331 | D:6      | You fall through a shaft for 2 floors!
  7331 | D:8      | Noticed a hog
  7331 | D:8      | Noticed a hog
  7331 | D:8      | Noticed a human
  7331 | D:8      | Noticed a hog
  7331 | D:8      | Noticed a hog
  7351 | D:8      | Killed a hog
  7351 | D:8      | Reached skill level 5 in Spellcasting
  7351 | D:8      | Reached XP level 9. HP: 8/48 MP: 4/16
  7354 | D:8      | Noticed Erica
  7356 | D:8      | Slain by Erica

Vault maps used:
D:1:      onia_arrival_mini_spirals, chequers_big_river, due_unseen_surprise
D:2:      uniq_iyjb
D:3:      okawaru_metal_pillars_1_2
D:4:      minmay_overflow_temple_star_quad, abandoned_shop
D:5:      first_bread
D:6:      nicolae_tso_besieged_by_evil
D:8:      nicolae_ossuary_entry_plus, grunt_livestock, uniq_erica, uniq_grum
Temple:   eino_temple_scatter_basement

Skill      XL: |  1  2  3  4  5  6  7  8 |
---------------+-------------------------+-----
Short Blades   | 1 3 |  3.3
Fighting       | 1 2 |  2.0
Summonings     | 5 6 7 |  7.8
Spellcasting   | 3 4 5 |  5.1
Ice Magic      | 1 2 4 |  4.0
Evocations     | 1 2 |  2.1
Armour         | 1 |  1.7
Dodging        | |  2.4
Stealth        | |  2.6

Action                   |  1- 3 |  4- 6 |  7- 9 || total
-------------------------+-------+-------+-------++-------
Melee: Dagger            |   223 |   181 |   184 ||   588
       Unarmed           |     6 |       |       ||     6
 Cast: Summon Small Mamm |     8 |       |       ||     8
       Call Imp          |     2 |     4 |     5 ||    11
       Call Canine Famil |     7 |     7 |     8 ||    22
       Freeze            |       |       |     7 ||     7
Evoke: Wand              |     4 |       |       ||     4
  Use: Scroll            |     7 |     8 |     6 ||    21
       Potion            |     2 |     1 |     1 ||     4
 Stab: Sleeping          |     5 |     6 |     4 ||    15
       Distracted        |       |       |     1 ||     1
  Eat: Chunk             |    14 |    11 |     6 ||    31
Armor: Robe              |    47 |    37 |    28 ||   112
Dodge: Dodged            |   180 |   109 |    92 ||   381
